 Dungeon Crawl Stone Soup version 0.21.1-1-g345015fe64 (webtiles) character file.

15798 Kejsarherre the Thaumaturge (level 12, -4/94 HPs)
             Began as a Gnoll Warper on Apr 29, 2018.
             Was a Believer of Wu Jian.
             Slain by a spiny frog (19 damage)
             ... on level 2 of the Lair of Beasts.
             The game lasted 02:07:11 (18622 turns).

Kejsarherre the Thaumaturge (Gnoll Warper)         Turns: 18622, Time: 02:07:12

Health: -4/94      AC: 11    Str: 18    XL:     12   Next: 30%
Magic:  33/33      EV: 16    Int: 20    God:    Wu Jian [**....]
Gold:   859        SH:  6    Dex: 14    Spells: 19/28 levels left

rFire    + . .     SeeInvis .   K - +6 scimitar "Nomaf" {freeze, rPois MP+9}
rCold    . . .     Gourm    .   i - +0 buckler
rNeg     + . .     Faith    .   H - +2 ring mail {rF+}
rPois    +         Spirit   .   J - +1 hat
rElec    .         Reflect  .   (no cloak)
rCorr    .         Harm     .   C - +0 pair of gloves
MR       .....                  (no boots)
Stlth    +++.......             (no amulet)
HPRegen  0.25/turn              l - +3 ring of strength
MPRegen  0.23/turn              d - ring of positive energy

@: lethally poisoned (-4 -> -7)
A: distributed training, fangs 1, strong nose
a: Wall Jump, Renounce Religion


You were on level 2 of the Lair of Beasts.
You worshipped Wu Jian.
Wu Jian was pleased with you.
You were not hungry.

You visited 2 branches of the dungeon, and saw 12 of its levels.
You also visited: Ossuary.

You collected 859 gold pieces.

Inventory:

Hand Weapons
 a - a +0 scimitar
 b - a +1 hunting sling of freezing
 m - a +0 hunting sling
 D - a +0 dagger of venom
 K - the +6 scimitar "Nomaf" (weapon) {freeze, rPois MP+9}
   (You found it on level 2 of the Lair of Beasts)

   It has been specially enchanted to freeze those struck by it, causing extra
   injury to most foes and up to half again as much damage against particularly
   susceptible opponents.
   It can also slow down cold-blooded creatures.
   It protects you from poison.
   It affects your magic capacity (+9).
 Q - a +1 whip of electrocution
 R - a +2 dagger of freezing
Missiles
 q - 41 stones
 G - 24 sling bullets
 L - 3 tomahawks
 P - 2 silver javelins (quivered)
Armour
 i - a +0 buckler (worn)
 w - a +0 pair of gloves
 C - a +0 pair of gloves (worn)
 H - a +2 ring mail of fire resistance (worn)
 J - a +1 hat (worn)
 M - a +0 shield
Magical Staves
 O - an uncursed staff of power
Jewellery
 d - a ring of positive energy (right hand)
 l - a +3 ring of strength (left hand)
 r - an uncursed ring of flight
Wands
 g - a wand of acid (1)
 h - a wand of scattershot (3)
 j - a wand of flame (10)
 F - a wand of polymorph (12)
 N - a wand of paralysis (10)
Scrolls
 t - 2 scrolls of remove curse
 u - a scroll of teleportation
 v - 4 scrolls of identify
 y - a scroll of enchant armour {unknown}
 E - a scroll of amnesia
 T - a scroll of magic mapping
Potions
 e - a potion of magic
 o - a potion of flight {unknown}
 p - a potion of brilliance
 z - a potion of cancellation {unknown}
 B - 2 potions of resistance
 I - a potion of mutation {unknown}
 S - a potion of curing
Books
 c - a book of Spatial Translocations

   Spells                             Type                      Level
   a - Blink                          Translocation                2
   b - Shroud of Golubria             Charms/Translocation         2
   c - Lesser Beckoning               Translocation                3
   d - Gell's Gravitas                Translocation                3
   e - Teleport Other                 Translocation                3
   f - Passage of Golubria            Translocation                4
 k - a book of Cantrips

   Spells                             Type                      Level
   a - Confusing Touch                Hexes                        1
   b - Animate Skeleton               Necromancy                   1
   c - Summon Small Mammal            Summoning                    1
   d - Apportation                    Translocation                1
 n - a book of Debilitation

   Spells                             Type                      Level
   a - Corona                         Hexes                        1
   b - Slow                           Hexes                        2
   c - Inner Flame                    Hexes/Fire                   3
   d - Portal Projectile              Hexes/Translocation          3
   e - Cause Fear                     Hexes                        4
   f - Leda's Liquefaction            Hexes/Earth                  4
 x - a book of Changes

   Spells                             Type                      Level
   a - Beastly Appendage              Transmutation                1
   b - Sticks to Snakes               Transmutation                2
   c - Spider Form                    Transmutation/Poison         3
   d - Ice Form                       Ice/Transmutation            4
   e - Blade Hands                    Transmutation                5
Miscellaneous
 s - a sack of spiders
 A - a phial of floods
Comestibles
 f - 22 rations


   Skills:
 + Level 8.5 Fighting
 + Level 7.0 Short Blades
 + Level 8.5 Long Blades
 + Level 7.0 Axes
 + Level 7.0 Maces & Flails
 + Level 7.0 Polearms
 + Level 7.0 Staves
 + Level 7.0 Slings
 + Level 7.0 Bows
 + Level 7.0 Crossbows
 + Level 7.5 Throwing
 + Level 7.5 Armour
 + Level 8.5 Dodging
 + Level 7.0 Stealth
 + Level 7.0 Shields
 + Level 7.0 Unarmed Combat
 + Level 8.7 Spellcasting
 + Level 5.8 Conjurations
 + Level 5.8 Hexes
 + Level 5.8 Charms
 + Level 5.8 Summonings
 + Level 5.8 Necromancy
 + Level 8.1 Translocations
 + Level 5.8 Transmutations
 + Level 5.8 Fire Magic
 + Level 5.8 Ice Magic
 + Level 5.8 Air Magic
 + Level 5.8 Earth Magic
 + Level 5.8 Poison Magic
 + Level 7.7 Invocations
 + Level 7.0 Evocations


You had 19 spell levels left.
You knew the following spells:

 Your Spells              Type           Power        Failure   Level  Hunger
a - Blink                 Tloc           N/A          1%          2    None
b - Gell's Gravitas       Tloc           #####.....   1%          3    None
c - Apportation           Tloc           #####.       1%          1    None
d - Summon Small Mammal   Summ           ####         1%          1    None
e - Slow                  Hex            ####....     1%          2    None


Dungeon Overview and Level Annotations

Branches:
Dungeon (10/15)            Temple (0/1) D:6            Lair (2/6) D:8
  Swamp: Lair:2-4    Shoals: Lair:2-4     Snake: Lair:2-4    Spider: Lair:2-4
    Orc: D:9-12

Altars:
Ashenzari
Cheibriados
Dithmenos
Elyvilon
Fedhas
Hepliaklqana
Okawaru
Qazlal
Sif Muna
Trog
Vehumet
Wu Jian
Zin
The Shining One

Annotations:
D:4 exclusion: door
D:6 exclusion: oklob plant
D:9 Gastronok
D:10 exclusion: obsidian statue
Lair:2 1 transporter


Innate Abilities, Weirdness & Mutations

Your experience applies equally to all skills.
You have very sharp teeth.
Your uncanny sense of smell can sniff out nearby items.


Message History

You feel sick. You block the spiny frog's attack.
You spin and attack the spiny frog.
You hit the spiny frog. You freeze the spiny frog.
The spiny frog is severely wounded.
You feel sick. The spiny frog stings you! The spiny frog closely misses you.
You spin and attack the spiny frog.
You barely miss the spiny frog.
The spiny frog is severely wounded.
You feel sick. The spiny frog closely misses you.
You spin and attack the spiny frog.
You slash the spiny frog! You freeze the spiny frog.
The spiny frog is severely wounded.
You feel sick. You block the spiny frog's attack.
You hit the spiny frog.
The spiny frog seems to slow down.
You freeze the spiny frog.
You bite the spiny frog, but do no damage.
The spiny frog is almost dead.
The spiny frog stings you!!
* * * LOW HITPOINT WARNING * * *
The spiny frog stings you!!
You die...

.####.#.##..........
.............#...##.#
....##....P..........
.......©..#.##P#..PP.
...###############.P.
#§§§§§§§# ###.
#§§§§§§§# #.
#§§#©#†§# ##.
#@FD..§§# ##..
#§F#.#§§# ##...
#§§...§§######.##.
###§§§####.#.##...
#.§.§§§§§ #....'...
#§§§§§§§§§#....#...
#.§.§§§§§.####.....
#§§§()[§§§# ###...
#§.§!©(§§§# ####


You could see a swamp dragon and 2 spiny frogs.

Vanquished Creatures
  4 two-headed ogres
  A fire crab (D:8)
  3 spiny frogs
  3 black mambas (Lair:2)
  2 komodo dragons (Lair:2)
  A troll (D:9)
  A hornet (D:8)
  3 blink frogs (Lair:1)
  3 hippogriffs
  19 yaks
  Grum (D:8)
  A soldier ant (D:8)
  8 water moccasins
  3 porcupines
  2 hell hounds
  2 orc warriors
  An ice beast (D:5)
  3 black bears
  A sky beast (D:7)
  A necrophage (D:9)
  7 wolves
  2 ogres
  4 crocodiles
  2 big kobolds
  5 bullfrogs
  A gnoll sergeant (D:9)
  3 scorpions
  2 howler monkeys
  6 crimson imps
  3 hounds
  A centaur zombie (D:4)
  5 jellies
  7 orc priests
  3 bullfrog skeletons
  9 orc wizards
  A bullfrog zombie (D:8)
  A human zombie (Ossuary)
  6 iguanas
  6 worker ants
  2 big kobold zombies (Ossuary)
  2 hound skeletons (D:4)
  2 mummies (Ossuary)
  6 worker ant zombies
  Robin (D:2)
  2 howler monkey zombies
  13 gnolls
  13 adders
  A shadow imp (D:5)
  14 oozes
  2 adder zombies
  4 worms
  4 dart slugs
  2 leopard geckos
  19 orcs
  3 ball pythons
  8 bats
  4 giant cockroaches
  15 goblins
  13 hobgoblins
  15 jackals
  27 kobolds
  2 quokkas
  5 frilled lizards
  3 gnoll zombies (Ossuary)
  4 goblin zombies (Ossuary)
  A hobgoblin zombie (Ossuary)
  A jackal skeleton (D:7)
  2 leopard gecko zombies
  3 orc zombies (Ossuary)
  A quokka skeleton (D:4)
  7 rats
338 creatures vanquished.

Vanquished Creatures (collateral kills)
  A komodo dragon (Lair:1)
1 creature vanquished.

Vanquished Creatures (others)
  A bush (Lair:1)
  7 fungi
  2 plants (Lair:1)
10 creatures vanquished.

Grand Total: 349 creatures vanquished

Notes
Turn   | Place    | Note
-------+----------+-------------------------------------------
     0 | D:1      | Kejsarherre the Gnoll Warper began the quest for the Orb.
     0 | D:1      | Reached XP level 1. HP: 20/20 MP: 6/6
   242 | D:1      | Reached XP level 2. HP: 20/26 MP: 7/7
   342 | D:1      | Learned a level 2 spell: Blink
   403 | D:1      | Reached XP level 3. HP: 26/31 MP: 9/9
   410 | D:1      | Reached skill level 5 in Spellcasting
   553 | D:1      | Reached skill level 1 in Invocations
   645 | D:1      | Reached skill level 1 in Short Blades
   645 | D:1      | Reached skill level 1 in Axes
   645 | D:1      | Reached skill level 1 in Maces & Flails
   645 | D:1      | Reached skill level 1 in Polearms
   645 | D:1      | Reached skill level 1 in Staves
   645 | D:1      | Reached skill level 1 in Slings
   645 | D:1      | Reached skill level 1 in Bows
   645 | D:1      | Reached skill level 1 in Crossbows
   645 | D:1      | Reached skill level 1 in Stealth
   645 | D:1      | Reached skill level 1 in Shields
   645 | D:1      | Reached skill level 1 in Unarmed Combat
   645 | D:1      | Reached skill level 1 in Evocations
   876 | D:2      | Noticed Robin
   880 | D:2      | Reached XP level 4. HP: 34/38 MP: 11/11
  1173 | D:2      | Killed Robin
  1386 | D:2      | Reached skill level 1 in Conjurations
  1386 | D:2      | Reached skill level 1 in Hexes
  1386 | D:2      | Reached skill level 1 in Charms
  1386 | D:2      | Reached skill level 1 in Summonings
  1386 | D:2      | Reached skill level 1 in Necromancy
  1386 | D:2      | Reached skill level 1 in Transmutations
  1386 | D:2      | Reached skill level 1 in Fire Magic
  1386 | D:2      | Reached skill level 1 in Ice Magic
  1386 | D:2      | Reached skill level 1 in Air Magic
  1386 | D:2      | Reached skill level 1 in Earth Magic
  1386 | D:2      | Reached skill level 1 in Poison Magic
  1674 | D:2      | Reached XP level 5. HP: 34/43 MP: 12/12
  2310 | D:3      | Found a glowing silver altar of Zin.
  2311 | D:3      | Found a glowing golden altar of the Shining One.
  2312 | D:3      | Found a white marble altar of Elyvilon.
  2362 | D:3      | Found an iron altar of Okawaru.
  2465 | D:3      | Found a bloodstained altar of Trog.
  2655 | D:3      | Found a snail-covered altar of Cheibriados.
  3254 | D:4      | Found a shattered altar of Ashenzari.
  3534 | D:4      | Reached XP level 6. HP: 31/50 MP: 13/13
  3738 | D:4      | Reached skill level 5 in Fighting
  3738 | D:4      | Reached skill level 5 in Long Blades
  3738 | D:4      | Reached skill level 5 in Dodging
  3787 | D:4      | Noticed a phantom
  4395 | D:5      | Entered Level 5 of the Dungeon
  4408 | D:4      | Reached XP level 7. HP: 50/56 MP: 15/15
  4423 | D:5      | Found a shadowy altar of Dithmenos.
  5646 | D:5      | Learned a level 3 spell: Gell's Gravitas
  5998 | D:5      | Found a deep blue altar of Sif Muna.
  6658 | D:6      | Reached XP level 8. HP: 43/63 MP: 16/16
  6749 | D:6      | Found a radiant altar of Vehumet.
  6822 | D:6      | Found a hazy altar of Hepliaklqana.
  6822 | D:6      | Found a stormy altar of Qazlal.
  6833 | D:6      | Found a blossoming altar of Fedhas.
  6833 | D:6      | Found an ornate altar of the Wu Jian Council.
  7036 | D:6      | Found a staircase to the Ecumenical Temple.
  7499 | D:6      | Noticed an oklob plant
  7796 | D:7      | Found a sand-covered staircase.
  7806 | Ossuary  | Entered an ossuary
  7828 | Ossuary  | Reached XP level 9. HP: 62/69 MP: 18/18
  8275 | D:7      | Learned a level 1 spell: Apportation
  8277 | D:7      | Learned a level 1 spell: Summon Small Mammal
  8436 | D:7      | Noticed a two-headed ogre
  8766 | D:8      | Noticed a two-headed ogre
  9155 | D:8      | Reached skill level 5 in Throwing
  9155 | D:8      | Reached skill level 5 in Armour
  9257 | D:8      | Found a staircase to the Lair.
  9660 | D:8      | Noticed a hornet
  9670 | D:8      | Paralysed by a hornet for 1 turns
  9928 | D:8      | Noticed a lindwurm
  9928 | D:8      | a two-headed ogre changed into a lindwurm
  9930 | D:8      | Noticed a fire crab
  9930 | D:8      | a lindwurm changed into a fire crab
  9949 | D:8      | Noticed Grum
 10314 | D:8      | Reached skill level 5 in Invocations
 10347 | D:8      | Killed Grum
 10443 | D:8      | Killed a fire crab
 10443 | D:8      | Reached XP level 10. HP: 67/77 MP: 20/20
 10931 | D:6      | Became a worshipper of the Wu Jian Council
 11061 | D:7      | Killed a two-headed ogre
 11061 | D:7      | Reached skill level 5 in Short Blades
 11061 | D:7      | Reached skill level 5 in Axes
 11061 | D:7      | Reached skill level 5 in Maces & Flails
 11061 | D:7      | Reached skill level 5 in Polearms
 11061 | D:7      | Reached skill level 5 in Staves
 11061 | D:7      | Reached skill level 5 in Slings
 11061 | D:7      | Reached skill level 5 in Bows
 11061 | D:7      | Reached skill level 5 in Crossbows
 11061 | D:7      | Reached skill level 5 in Stealth
 11061 | D:7      | Reached skill level 5 in Shields
 11061 | D:7      | Reached skill level 5 in Unarmed Combat
 11061 | D:7      | Reached skill level 5 in Evocations
 11377 | D:9      | Noticed Gastronok
 12623 | D:10     | Entered Level 10 of the Dungeon
 12769 | D:10     | Noticed a two-headed ogre
 12791 | D:10     | Killed a two-headed ogre
 12823 | D:10     | Reached * piety under Wu Jian
 12887 | D:10     | Learned a level 2 spell: Slow
 12990 | D:10     | Noticed a two-headed ogre
 13056 | D:10     | Killed a two-headed ogre
 13056 | D:10     | Reached XP level 11. HP: 39/83 MP: 17/22
 13489 | D:10     | Noticed an obsidian statue
 13562 | D:10     | Noticed a two-headed ogre
 13574 | D:10     | Killed a two-headed ogre
 14396 | Lair:1   | Entered Level 1 of the Lair of Beasts
 14423 | D:8      | Reached skill level 5 in Conjurations
 14423 | D:8      | Reached skill level 5 in Hexes
 14423 | D:8      | Reached skill level 5 in Charms
 14423 | D:8      | Reached skill level 5 in Summonings
 14423 | D:8      | Reached skill level 5 in Necromancy
 14423 | D:8      | Reached skill level 5 in Transmutations
 14423 | D:8      | Reached skill level 5 in Fire Magic
 14423 | D:8      | Reached skill level 5 in Ice Magic
 14423 | D:8      | Reached skill level 5 in Air Magic
 14423 | D:8      | Reached skill level 5 in Earth Magic
 14423 | D:8      | Reached skill level 5 in Poison Magic
 16409 | Lair:1   | Reached ** piety under Wu Jian
 17013 | Lair:1   | Reached XP level 12. HP: 17/93 MP: 19/24
 18391 | Lair:2   | Got a dazzling scimitar
 18392 | Lair:2   | Identified the +6 scimitar "Nomaf" {freeze, rPois MP+9} (You found it on level 2 of the Lair of Beasts)
 18585 | Lair:2   | Found a transporter.
 18600 | Lair:2   | Found a transporter.
 18622 | Lair:2   | Slain by a spiny frog

Skill      XL: |  1  2  3  4  5  6  7  8  9 10 11 12 |
---------------+-------------------------------------+-----
Spellcasting   | 5 6 7 8 |  8.7
Invocations    | 1 2 3 4 5 6 7 |  7.7
Short Blades   | 1 2 3 4 5 6 7 |  7.0
Axes           | 1 2 3 4 5 6 7 |  7.0
Maces & Flails | 1 2 3 4 5 6 7 |  7.0
Polearms       | 1 2 3 4 5 6 7 |  7.0
Staves         | 1 2 3 4 5 6 7 |  7.0
Slings         | 1 2 3 4 5 6 7 |  7.0
Bows           | 1 2 3 4 5 6 7 |  7.0
Crossbows      | 1 2 3 4 5 6 7 |  7.0
Stealth        | 1 2 3 4 5 6 7 |  7.0
Shields        | 1 2 3 4 5 6 7 |  7.0
Unarmed Combat | 1 2 3 4 5 6 7 |  7.0
Evocations     | 1 2 3 4 5 6 7 |  7.0
Conjurations   | 1 2 3 4 5 |  5.8
Hexes          | 1 2 3 4 5 |  5.8
Charms         | 1 2 3 4 5 |  5.8
Summonings     | 1 2 3 4 5 |  5.8
Necromancy     | 1 2 3 4 5 |  5.8
Transmutations | 1 2 3 4 5 |  5.8
Fire Magic     | 1 2 3 4 5 |  5.8
Ice Magic      | 1 2 3 4 5 |  5.8
Air Magic      | 1 2 3 4 5 |  5.8
Earth Magic    | 1 2 3 4 5 |  5.8
Poison Magic   | 1 2 3 4 5 |  5.8
Throwing       | 3 4 5 6 7 |  7.5
Armour         | 3 4 5 6 7 |  7.5
Fighting       | 5 6 7 8 |  8.5
Long Blades    | 5 6 7 8 |  8.5
Dodging        | 5 6 7 8 |  8.5
Translocations | 6 7 8 |  8.1

Action                   |  1- 3 |  4- 6 |  7- 9 | 10-12 || total
-------------------------+-------+-------+-------+-------++-------
Melee: Falchion          |   122 |   315 |   177 |       ||   614
       Bite              |     9 |    41 |    76 |    71 ||   197
       Scimitar          |       |       |   296 |   615 ||   911
 Fire: Hunting sling     |     1 |    35 |    35 |       ||    71
Throw: Tomahawk          |     1 |     1 |     3 |       ||     5
       Javelin           |       |       |    55 |   109 ||   164
       Stone             |       |       |     3 |    11 ||    14
 Cast: Blink             |       |     1 |    20 |    10 ||    31
       Gell's Gravitas   |       |       |     5 |     3 ||     8
       Summon Small Mamm |       |       |     5 |    14 ||    19
       Slow              |       |       |       |    21 ||    21
Invok: Lunge             |       |       |       |    61 ||    61
       Whirlwind         |       |       |       |    58 ||    58
       Wall Jump         |       |       |       |     6 ||     6
Evoke: Wand              |       |       |    15 |     8 ||    23
  Use: Potion            |       |       |    12 |     4 ||    16
       Scroll            |       |       |    18 |     3 ||    21
 Stab: Sleeping          |     1 |     2 |     4 |     1 ||     8
       Distracted        |       |       |       |     1 ||     1
  Eat: Chunk             |       |    12 |    11 |    12 ||    35
       Ration            |       |       |     3 |     4 ||     7
Armor: Leather armour    |    23 |    79 |    63 |       ||   165
       Ring mail         |       |       |    72 |   119 ||   191
Dodge: Dodged            |    63 |   225 |   324 |   340 ||   952
Block: Buckler           |    15 |    62 |    91 |   145 ||   313
       Rpst.: Falchion   |    17 |    75 |    35 |       ||   127
       Scimitar          |       |       |    67 |    98 ||   165
